 Dungeon Crawl Stone Soup version 0.19-a0-1490-g5dd3618 (webtiles) character file.

53 jacquesderrida the Skirmisher (level 3, 10/21 HPs)
             Began as a Vine Stalker Wanderer on Sept 8, 2016.
             Quit the game on level 3 of the Dungeon.
             The game lasted 00:03:55 (539 turns).

jacquesderrida the Skirmisher (VSWn)                 Turns: 539, Time: 00:03:55

Health: 10/21      AC:  9    Str: 15    XL:     3   Next: 87%
Magic:  2/3        EV:  6    Int: 11    God:
Gold:   43         SH:  0    Dex: 12    Spells: 0 memorised, 2 levels left

rFire  . . .     SeeInvis .     c - +0 hand crossbow
rCold  . . .     Gourm    .     k - +0 chain mail
rNeg   . . .     Faith    .     (no shield)
rPois  .         Spirit   +     n - +0 helmet
rElec  .         Dismiss  .     (no cloak)
rCorr  .         Reflect  .     (no gloves)
MR     .....     Harm     .     (no boots)
Stlth  .......... Clarity  +    (no amulet)
                                (no ring)
                                (no ring)

@: no status effects
A: fangs 2, clarity, deterioration 1, dopey 1, low mp 1, magic shield, antimagic
bite, no device heal 3, rot immunity
a: no special abilities


You were on level 3 of the Dungeon.
You were not hungry.

You visited 1 branch of the dungeon, and saw 3 of its levels.

You collected 43 gold pieces.

Inventory:

Hand Weapons
 b - a +2 blowgun
 c - a +0 hand crossbow (weapon)
 i - a cursed +0 short sword
Missiles
 d - 54 bolts (quivered)
Armour
 f - a +0 robe
 k - a +0 chain mail (worn)
 m - a +0 ring mail
 n - a +0 helmet (worn)
Wands
 l - a wand of random effects (26/48)
Scrolls
 h - 3 scrolls of identify {unknown}
 p - a scroll of enchant weapon {unknown}
 q - a scroll of blinking {unknown}
Potions
 e - a potion of curing
 j - a potion of agility {unknown}
 o - a potion of haste {unknown}
Comestibles
 g - a bread ration


   Skills:
 + Level 4.2 Fighting
 - Level 1.7 Crossbows
 - Level 1.0 Throwing
 - Level 2.4 Armour
 - Level 1.2 Stealth


You had 2 spell levels left.
You didn't know any spells.

Dungeon Overview and Level Annotations

Branches:
Dungeon (3/15)

Altars:
Gozag
Qazlal
Xom
Yredelemnul


Innate Abilities, Weirdness & Mutations

You have extremely sharp teeth.
When hurt, damage is shared between your health and your magic reserves.
Your bite disrupts and absorbs the magic of your enemies.
Potions and wands cannot restore your health.
You are immune to rotting.
You possess an exceptional clarity of mind.
Your body sometimes deteriorates upon taking damage.
You are dopey. (Int -2)
Your magical capacity is low. (-10% MP)


Message History

You shoot a bolt. The orc priest shouts!
The bolt hits the orc.
The orc is heavily wounded.
The orc moves out of view.
The orc priest casts a cantrip, but nothing happens.
Found 15 stones.
An orc comes into view. It is wielding a hand axe.
The orc shouts!
The orc hits you but does no damage.
It was a potion of mutation.
You feel extremely strange.
You feel less energetic.
Your thoughts seem clearer.
You feel yourself wasting away. The orc hits you with a hand axe.
You feel extremely strange.
You feel stupid. The orc barely misses you.
Enter note: NOPE
Enter note: NOT DOING IT LMAO Are you sure you want to abandon this character and quit the game? (Confirm with "yes".)

... ...#.. ## #.#
#.##.## .o. #.#
#(....# .(##.#
#..#..# o...
#..#..#
#.###.###..#..#
#.....oo.o....#
#######.#######o#
..............@.#
.######.#########
#......# #......#
#......#
#.#......#
#.....)).#
##.####.## #. #
#.#


You could see an orc.

Vanquished Creatures
  3 adders
  A giant gecko (D:3)
  An orc (D:3)
  A giant cockroach (D:1)
  3 goblins (D:2)
  3 hobgoblins
  4 bats
  4 giant newts
  4 kobolds
24 creatures vanquished.

Notes
Turn   | Place    | Note
-------+----------+-------------------------------------------
     0 | D:1      | jacquesderrida the Vine Stalker Wanderer began the quest for the Orb.
     0 | D:1      | jacquesderrida set off with: 2 curare-tipped needles, a +2 blowgun, a +0 hand crossbow, 19 bolts, a potion of curing, a +0 robe, a bread ration
     0 | D:1      | Reached XP level 1. HP: 11/11 MP: 2/2
    58 | D:1      | Reached skill level 3 in Fighting
   120 | D:2      | Reached XP level 2. HP: 16/16 MP: 3/3
   159 | D:2      | Found an opulent altar of Gozag.
   164 | D:2      | Found a basalt altar of Yredelemnul.
   237 | D:2      | Reached XP level 3. HP: 18/21 MP: 4/4
   312 | D:2      | Found a shimmering altar of Xom.
   368 | D:2      | Found a stormy altar of Qazlal.
   412 | D:3      | Reached skill level 4 in Fighting
   537 | D:3      | Gained mutation: Your magical capacity is low. (-10% MP) [potion of mutation]
   537 | D:3      | Gained mutation: You possess an exceptional clarity of mind. [potion of mutation]
   537 | D:3      | Gained mutation: Your body sometimes deteriorates upon taking damage. [potion of mutation]
   538 | D:3      | Gained mutation: You are dopey. (Int -2) [potion of mutation]
   539 | D:3      | NOPE
   539 | D:3      | NOT DOING IT LMAO
   539 | D:3      | Quit the game

Vault maps used:
D:1:      zelgadis_glass_arrival_small
D:2:      lemuel_crystal_altar, yredelemnul_altar_generic, xom_butterflies,
          minmay_misc_feat_roman, nicolae_gozag_seed_capital
D:3:      minmay_goblin_kobold_house

Skill      XL: |  1  2  3 |
---------------+----------+-----
Fighting       | 3 4 |  4.2
Crossbows      | |  1.7
Throwing       | |  1.0
Armour         | |  2.4
Stealth        | |  1.2

Action                   || total
-------------------------++-------
 Fire: Hand crossbow     ||    58
       Blowgun           ||     5
  Use: Potion            ||     2
Armor: Robe              ||     4
       Chain mail        ||    32
Dodge: Dodged            ||    27
